 Dungeon Sprint DCSS version 0.29.1-2-gbd0b4ee654 (webtiles) character file.

Game seed: 17935484181161584005

8070 Groucho the Unseen (level 11, -4/58 HPs)
             Began as a Spriggan Enchanter on Nov 14, 2022.
             Was a High Priest of Dithmenos.
             Shot with an arrow by a spriggan rider (16 damage)
             ... in the Dungeon (Sprint IV: "Fedhas' Mad Dash").
             The game lasted 00:10:36 (3980 turns).

Groucho the Unseen (Spriggan Enchanter)             Turns: 3980, Time: 00:10:38

Health: -4/58      AC:  2    Str:  8    XL:     11   Next: 5%
Magic:  24/30      EV: 24    Int: 17    God:    Dithmenos [*****.]
Gold:   128        SH:  0    Dex: 16    Spells: 24/39 levels left

rFire   . . .      SeeInvis +   c - +5 quick blade
rCold   . . .      Faith    .   (no shield)
rNeg    + . .      Spirit   .   b - +0 robe
rPois   .          Reflect  .   (helmet restricted)
rElec   .          Harm     .   (no cloak)
rCorr   .          Rampage  .   (gloves unavailable)
Will    +....      NoTele   +   (boots unavailable) Stlth **++++++++
                                j - amulet of invisibility {+Inv}
HPRegen 0.19/turn               f - ring of positive energy
MPRegen 0.22/turn               (no ring)

@: wreathed by umbra, very quick
A: very small, no large weapons, unfitting armour, see invisible, speed 3
a: Renounce Religion, Evoke Invisibility, Shadow Step, Shadow Form


You were in the Dungeon.
You worshipped Dithmenos.
Dithmenos was extremely pleased with you.
You visited 1 branch You collected 282 gold pieces.
You spent 154 gold pieces at shops.

Inventory:

Hand Weapons
 a - a +1 dagger
 c - a +5 quick blade (weapon)
Missiles
 e - 2 curare-tipped darts (quivered)
Armour
 b - a +0 robe (worn)
Jewellery
 f - a ring of positive energy (left hand)
 j - the amulet of invisibility (around neck) {+Inv}
   (You found it in the Dungeon)

   [amulet of nothing]

   +Inv:      It lets you turn invisible.
Scrolls
 i - a scroll of blinking
 l - a scroll of torment
Potions
 d - a potion of mutation
 g - 2 potions of magic
 k - a potion of lignification {unknown}


   Skills:
 + Level 7.3 Fighting
 + Level 9.8 Short Blades
 + Level 11.8 Dodging
 - Level 17.8 Stealth
 + Level 14.5 Spellcasting
 - Level 14.0 Hexes
 + Level 13.6 Evocations


You had 24 spell levels left.
You knew the following spells:

 Your Spells              Type           Power      Damage    Failure   Level
a - Ensorcelled Hibernat  Hex/Ice        72%        N/A       1%          2
b - Confusing Touch       Hex            56%        N/A       1%          3
c - Dazzling Flash        Conj/Hex       72%        N/A       1%          3
d - Tukima's Dance        Hex            56%        N/A       1%          3
e - Leda's Liquefaction   Hex/Erth       18%        N/A       3%          4

Your spell library contained the following spells:

 Spells                   Type           Power      Damage    Failure   Level
 Portal Projectile        Hex/Tloc       72%        N/A       1%          3
 Call Canine Familiar     Summ           12%        N/A       16%         3


Dungeon Overview and Level Annotations

Branches:
Dungeon (1/1)

Altars:
Cheibriados
Dithmenos
Elyvilon
Gozag
Hepliaklqana
Kikubaaqudgha
Makhleb
Nemelex Xobeh
Okawaru
Qazlal
Ru
Sif Muna
Trog
Uskayaw
Vehumet
Wu Jian
Xom
Yredelemnul
Zin
The Shining One
Jiyva
Lugonu

Shops:
D !:**?**!


Innate Abilities, Weirdness & Mutations

You are very small and have problems with some larger weapons.
You are too small for most types of armour.
You have supernaturally acute eyesight. (SInv)
You cover ground extremely quickly. (Speed+++)


Message History

Unknown command.
Things that are here:
a +0 hand axe; a +0 animal skin; a spriggan corpse A spriggan rider comes into view.
It is wielding the +8 storm bow {elec, penet}.
The spriggan rider shoots an arrow.
The arrow closely misses you.
You start resting.
You flicker for a moment.
You start resting.
You flicker back into view.
You start resting.
Your magical contamination has completely faded away.
The spriggan rider wields the +8 storm bow {elec, penet}.
You hear the crackle of electricity.
The spriggan rider shoots an arrow.
The arrow pierces through you!
Casting: Confusing Touch (safe; 1% risk of failure)
Confirm with . or Enter, or press ? or * to list all spells.
Aiming: Ensorcelled Hibernation (safe; 1% risk of failure)
Press: ? - help, Shift-Dir - straight line, f - spriggan rider
Aim: a spriggan rider, wielding the +8 storm bow {elec, penet} (chance to affect: 6%)
The spriggan rider resists with almost no effort.
The spriggan rider shoots an arrow.
The arrow completely misses you.
Casting: Ensorcelled Hibernation (safe; 1% risk of failure)
Confirm with . or Enter, or press ? or * to list all spells.
Aiming: Ensorcelled Hibernation (safe; 1% risk of failure)
Press: ? - help, Shift-Dir - straight line, f/p - spriggan rider
Aim: a spriggan rider, wielding the +8 storm bow {elec, penet} (chance to affect: 6%)
The spriggan rider resists with almost no effort.
Your shadow mimicks your spell!
The spriggan rider resists with almost no effort.
The spriggan rider unwields the +8 storm bow {elec, penet}.
It stops crackling.
The spriggan rider hits the bush!
The bush is destroyed!
Unknown command.
The spriggan rider wields the +8 storm bow {elec, penet}.
You hear the crackle of electricity.
The spriggan rider shoots an arrow.
The arrow pierces through you!!
Ouch! That really hurt!
* * * LOW HITPOINT WARNING * * *
You emit a cloud of dark smoke.
You are electrocuted!
You die...

..#...###################......##
.######♣♣♣♣♣..♣.###.'..'.......'.
###.}'......♣..♣##..#..#.P.....##
.....#♣..♣♣♣.♣).###.##'##.P....#
.....#.♣♣..♣...♣'...#♣.♣########
#####################.....####
,,,,,,,,,,,,* ###..♣..♣....###
,,,,,,,,,...#####§§.♣......♣...♣#
,,,,,,,,,iP....§@§...♣.)...∩.∩..[
,,,,,,,,,.P...###################
+********###*** ******* *******
,,,,,* ***,,*****,,,∩∩***,,,,,***
,,,,,* *,,,,+,,,,,,,,,**,,,,,,+,*
,,,*** *,,,,*****,,,,,+,,,,,,,***
,,** **,,,,* *****************
,,,****,,,,,*****∩∩∩*,,,,,,,,,,,,
,,,,,,,,,,,,+,,,,∩,∩+,,,,,,,,,,,,


There were no monsters in sight!

Vanquished Creatures
  Agnes (D)
  A spriggan defender (D)
  A spriggan berserker (D)
  A spriggan druid (D)
  6 oklob plants (D)
  A demonic crawler (D)
  3 burning bushes (D)
  A hornet (D)
  A queen bee (D)
  5 spriggans (D)
  3 wandering mushrooms (D)
  3 scorpions (D)
  4 killer bees (D)
  5 oklob saplings (D)
  A river rat (D)
  A rat (D)
  A ballistomycete spore (D)
39 creatures vanquished.

Vanquished Creatures (others)
  A bush (D)
1 creature vanquished.

Grand Total: 40 creatures vanquished

Notes
Turn   | Place    | Note
-------+----------+-------------------------------------------
     0 | D        | Groucho the Spriggan Enchanter began the quest for the Orb.
     0 | D        | Reached XP level 1. HP: 9/9 MP: 5/5
    12 | D        | Reached skill level 6 in Stealth
    12 | D        | Reached XP level 2. HP: 13/13 MP: 5/7
    15 | D        | Noticed an oklob sapling
    17 | D        | Killed an oklob sapling
    18 | D        | Reached skill level 8 in Stealth
    18 | D        | Reached skill level 5 in Hexes
    18 | D        | Reached XP level 3. HP: 16/16 MP: 6/10
    19 | D        | Noticed a scorpion
    19 | D        | Found the amulet of invisibility {+Inv}
    21 | D        | Killed a scorpion
    22 | D        | Reached skill level 10 in Stealth
    22 | D        | Reached skill level 5 in Spellcasting
    22 | D        | Reached XP level 4. HP: 21/21 MP: 6/12
    25 | D        | Found an opulent altar of Gozag.
    25 | D        | Found a hazy altar of Hepliaklqana.
    25 | D        | Found a burning altar of Makhleb.
    25 | D        | Found a sparkling altar of Nemelex Xobeh.
    25 | D        | Found a snail-covered altar of Cheibriados.
    25 | D        | Found a sacrificial altar of Ru.
    25 | D        | Found a shimmering blue altar of Sif Muna.
    25 | D        | Found a shimmering altar of Xom.
    25 | D        | Found a basalt altar of Yredelemnul.
    26 | D        | Found a viscous altar of Jiyva.
    26 | D        | Found a bloodstained altar of Trog.
    26 | D        | Found an ornate altar of the Wu Jian Council.
    27 | D        | Found an iron altar of Okawaru.
    27 | D        | Found a shadowy altar of Dithmenos.
    27 | D        | Found a glowing silver altar of Zin.
    28 | D        | Found an ancient bone altar of Kikubaaqudgha.
    28 | D        | Found a hide-covered altar of Uskayaw.
    29 | D        | Found a stormy altar of Qazlal.
    29 | D        | Found a glowing golden altar of the Shining One.
    29 | D        | Found a white marble altar of Elyvilon.
    30 | D        | Found a radiant altar of Vehumet.
    30 | D        | Found a corrupted altar of Lugonu.
    34 | D        | Reached skill level 11 in Stealth
    34 | D        | Reached XP level 5. HP: 24/24 MP: 8/15
    38 | D        | Became a worshipper of Dithmenos the Shadowed
    48 | D        | Reached skill level 12 in Stealth
   120 | D        | Reached skill level 13 in Stealth
   120 | D        | Reached skill level 1 in Evocations
   126 | D        | Noticed a queen bee
   371 | D        | Killed a queen bee
   371 | D        | Reached * piety under Dithmenos
   372 | D        | Reached skill level 15 in Stealth
   372 | D        | Reached skill level 5 in Evocations
   372 | D        | Reached XP level 6. HP: 28/28 MP: 13/18
   375 | D        | Reached ** piety under Dithmenos
   376 | D        | Reached skill level 16 in Stealth
   376 | D        | Reached XP level 7. HP: 32/32 MP: 14/20
   380 | D        | Noticed an oklob plant
   383 | D        | Killed an oklob plant
   384 | D        | Reached skill level 17 in Stealth
   384 | D        | Reached skill level 10 in Spellcasting
   384 | D        | Reached skill level 10 in Hexes
   624 | D        | Learned a level 2 spell: Ensorcelled Hibernation
   628 | D        | Learned a level 3 spell: Confusing Touch
   632 | D        | Learned a level 3 spell: Dazzling Flash
   636 | D        | Learned a level 3 spell: Tukima's Dance
   637 | D        | Noticed a burning bush
   640 | D        | Killed a burning bush
   641 | D        | Reached skill level 1 in Fighting
   641 | D        | Reached XP level 8. HP: 37/37 MP: 23/23
   650 | D        | Noticed a burning bush
   650 | D        | Noticed an oklob plant
   651 | D        | Noticed a wandering mushroom
   652 | D        | Killed a burning bush
   652 | D        | Reached *** piety under Dithmenos
   662 | D        | Killed an oklob plant
   663 | D        | Reached skill level 5 in Dodging
  1925 | D        | Noticed a spriggan druid
  1926 | D        | Killed a spriggan druid
  1926 | D        | Reached **** piety under Dithmenos
  1927 | D        | Reached skill level 5 in Short Blades
  1927 | D        | Reached skill level 10 in Evocations
  1927 | D        | Reached XP level 9. HP: 45/45 MP: 25/25
  1943 | D        | Noticed an oklob plant conjurer
  1944 | D        | Killed an oklob plant conjurer
  1956 | D        | Learned a level 4 spell: Leda's Liquefaction
  2301 | D        | Noticed Agnes
  2307 | D        | Noticed an oklob plant
  2308 | D        | Noticed an oklob plant shifter
  2308 | D        | Noticed an oklob plant summoner
  2313 | D        | Killed an oklob plant
  2315 | D        | Killed an oklob plant summoner
  2317 | D        | Killed an oklob plant shifter
  2318 | D        | Reached skill level 5 in Fighting
  2328 | D        | Noticed a demonic crawler
  2330 | D        | Killed a demonic crawler
  2330 | D        | Reached ***** piety under Dithmenos
  2332 | D        | Noticed a spriggan rider
  2333 | D        | Found Bulo's Assorted Antiques.
  2337 | D        | Reached XP level 10. HP: 51/51 MP: 27/27
  2338 | D        | Found Memeaskas's Distillery.
  2341 | D        | Killed a spriggan rider
  2354 | D        | Bought a potion of heal wounds for 110 gold pieces
  2354 | D        | Bought a scroll labelled KAK HABYZUVU for 22 gold pieces
  2354 | D        | Bought a scroll labelled PITAS VAKHLINK for 22 gold pieces
  3801 | D        | Found Codarch's Book Shop.
  3801 | D        | Found Ikleptas's Distillery.
  3815 | D        | Reached skill level 10 in Dodging
  3827 | D        | Found Fifiqaig's General Store.
  3827 | D        | Found Orunics's Magic Scroll Shoppe.
  3920 | D        | Found Feadonu's General Store.
  3920 | D        | Found Lyunudif's Assorted Antiques.
  3921 | D        | Killed Agnes
  3922 | D        | Noticed a spriggan defender
  3925 | D        | Killed a spriggan defender
  3940 | D        | Noticed a spriggan berserker
  3942 | D        | Killed a spriggan berserker
  3943 | D        | Reached XP level 11. HP: 49/58 MP: 21/30
  3947 | D        | Noticed a spriggan rider
  3980 | D        | Shot with an arrow by a spriggan rider

Illustrated notes

Levels and vault maps discovered:
D:        dungeon_sprint_fedhas [sprint_temple]

Skill      XL: |  1  2  3  4  5  6  7  8  9 10 |
---------------+-------------------------------+-----
Stealth        | 6 8 10 11 15 16 17 | 17.8
Spellcasting   | 3 4 5 6 8 9 10 11 12 14 | 14.5
Hexes          | 4 5 6 7 9 10 12 14 | 14.0
Evocations     | 5 8 10 11 13 | 13.6
Fighting       | 1 4 5 7 |  7.3
Short Blades   | 2 5 7 9 |  9.8
Dodging        | 3 7 9 11 | 11.8

Action                   |  1- 3 |  4- 6 |  7- 9 | 10-12 || total
-------------------------+-------+-------+-------+-------++-------
Melee: Dagger            |     4 |     7 |    39 |    31 ||    81
       Quick blade       |       |       |       |     1 ||     1
 Cast: Confusing Touch   |       |       |     4 |     3 ||     7
       Leda's Liquefacti |       |       |     1 |       ||     1
       Ensorcelled Hiber |       |       |       |     3 ||     3
Invok: Shadow Step       |       |       |       |     2 ||     2
 Abil: Evoke Invisibilit |       |     2 |     2 |     1 ||     5
  Use: Potion            |     2 |       |     2 |     3 ||     7
       Scroll            |       |       |       |     3 ||     3
 Stab: Sleeping          |     4 |     7 |    12 |     8 ||    31
       Confused          |       |       |     4 |     3 ||     7
Dodge: Dodged            |       |       |     7 |    13 ||    20
